Map: Tokamak LE

Players

Reynor

  • Race: Zerg Zerg
  • Spawn Location: 7:00

Serral - Winner!

  • Race: Zerg Zerg
  • Spawn Location: 1:00

Event: Esports World Cup 2025

VOD

Have the link to the VOD?

Description

Time

  • Played on: July 24, 2025, 8:21 a.m.
  • Length: 25:54

All games in this series

Show
View Real Time Build Order
Export as new Build Order

Reynor Zerg 

Build Orders: Hatch First 

Get SALT Encoding   

  12  0:00  Drone  
  13  0:08  Drone  
  14  0:15  Drone, Extractor  
  15  0:22  Overlord  
  15  0:40  Drone  
  16  0:45  Hatchery  
  16  0:49  Drone  
  16  0:53  Drone  
  17  0:57  Drone  
  18  1:08  Extractor  
  17  1:12  Spawning Pool  
  17  1:15  Drone  
  17  1:18  Drone  
  18  1:26  Drone  
  19  1:37  Drone  
  20  1:47  Drone  
  21  1:58  Drone, Queen x2  
  21  1:59  Overlord  
  26  2:09  Drone  
  26  2:10  Zergling x2  
  28  2:16  Metabolic Boost  
  28  2:20  Drone x2  
  31  2:30  Drone  
  31  2:31  Zergling x2  
  31  2:36  Hatchery  
  31  2:40  Drone  
  31  2:42  Drone  
  33  2:46  Baneling Nest  
  32  2:52  Overlord  
  32  2:53  Drone  
  33  3:03  Drone  
  33  3:05  Drone  
  35  3:08  Drone  
  35  3:11  Overlord  
  36  3:13  Zergling x4  
  36  3:14  Drone x2  
  36  3:16  Zergling x2  
  41  3:20  Drone  
  41  3:26  Overlord  
  42  3:31  Baneling, Queen  
  42  3:33  Zergling x2, Baneling  
  45  3:36  Baneling  
  45  3:37  Zergling x6  
  48  3:44  Zergling x6  
  48  3:45  Zergling x2  
  48  3:46  Baneling x2  
  52  3:54  Drone, Overlord  
  52  3:59  Drone x2  
  54  4:05  Drone  
  54  4:06  Extractor  
  54  4:07  Drone  
  54  4:08  Roach Warren  
  54  4:11  Drone  
  54  4:17  Drone x2  
  54  4:21  Drone  
  57  4:26  Evolution Chamber  
  57  4:27  Overlord  
  57  4:31  Drone x2  
  56  4:40  Drone x2, Overlord  
  56  4:49  Roach  
  56  4:50  Roach x7  
  71  4:57  Zergling x2  
  71  4:58  Zergling x2  
  73  5:00  Zergling x2  
  73  5:02  Zergling x4  
  73  5:04  Overlord  
  73  5:05  Zergling x4  
  78  5:09  Zerg Missile Weapons Level 1  
  78  5:10  Zergling x2  
  78  5:13  Zergling x4  
  81  5:19  Overlord  
  81  5:22  Zergling x2  
  82  5:28  Zergling x4  
  82  5:29  Zergling x2  
  82  5:30  Drone x3  
  82  5:31  Overlord  
  86  5:36  Drone x2  
  86  5:37  Drone x2  
  86  5:39  Overlord  
  86  5:41  Drone  
  89  5:46  Lair  
  89  5:47  Drone  
  83  5:51  Drone x2  
  83  5:55  Extractor  
  78  6:00  Roach x3  
  78  6:02  Roach x2  
  78  6:03  Roach  
  90  6:10  Extractor, Roach x2  
  92  6:15  Roach  
  92  6:17  Drone  
  92  6:18  Roach x2  
  99  6:19  Overlord  
  99  6:23  Roach x2  
  103  6:32  Drone x4  
  107  6:33  Overlord  
  107  6:34  Overlord  
  107  6:39  Drone x3  
  109  6:43  Drone x2  
  109  6:44  Extractor  
  109  6:45  Drone  
  111  6:47  Drone x3  
  111  6:48  Spire  
  111  6:49  Extractor  
  112  6:54  Overlord  
  112  6:58  Drone x2, Glial Reconstitution  
  113  7:01  Overlord  
  113  7:04  Drone x2  
  108  7:10  Roach x3  
  108  7:11  Roach x3  
  110  7:19  Roach x4  
  112  7:23  Roach  
  112  7:24  Roach  
  112  7:26  Spine Crawler x2  
  114  7:30  Roach x2  
  114  7:31  Roach  
  114  7:32  Roach  
  114  7:33  Roach x2  
  126  7:37  Roach x2  
  126  7:42  Overlord  
  132  7:47  Roach x2  
  132  7:51  Overlord, Hatchery  
  135  8:00  Mutalisk  
  135  8:01  Mutalisk  
  135  8:05  Roach x2  
  143  8:09  Roach x3  
  149  8:13  Roach x2  
  149  8:14  Roach  
  149  8:15  Drone x3  
  149  8:19  Overlord  
  158  8:20  Roach x3  
  158  8:24  Roach  
  166  8:29  Overlord  
  166  8:32  Roach x4  
  174  8:36  Overlord  
  174  8:38  Drone  
  174  8:39  Extractor  
  174  8:44  Overlord  
  174  8:48  Centrifugal Hooks  
  174  8:50  Roach x5  
  174  8:53  Roach x2  
  188  8:58  Roach x2  
  188  8:59  Roach  
  194  9:11  Ravager x4  
  194  9:12  Ravager  
  199  9:27  Spore Crawler  
  199  9:28  Spore Crawler  
  199  9:30  Spore Crawler x3  
  199  9:31  Spore Crawler x2  
  193  9:32  Zergling x16  
  193  9:33  Zergling x8, Spore Crawler  
  193  9:38  Zergling x10  
  197  9:41  Zerg Missile Weapons Level 2  
  197  9:44  Overlord  
  208  9:51  Overlord  
  204  9:57  Baneling x28  
  204  9:58  Baneling x6  
  204  10:18  Infestation Pit  
  200  10:25  Roach x12  
  179  10:33  Roach x9  
  166  10:40  Ravager x2  
  165  10:44  Roach x3  
  165  10:46  Roach  
  165  10:47  Roach x6  
  165  10:48  Roach  
  187  10:54  Roach x3  
  187  10:57  Roach x2  
  179  10:58  Overseer  
  179  11:02  Roach x2  
  179  11:04  Roach  
  175  11:10  Roach x3  
  175  11:12  Roach  
  175  11:14  Ravager x2  
  175  11:15  Roach  
  175  11:17  Roach  
  169  11:19  Roach x2  
  169  11:22  Roach x2  
  162  11:27  Roach x3  
  162  11:31  Roach x2  
  155  11:36  Roach x3  
  155  11:37  Overseer, Roach  
  151  11:40  Roach  
  132  11:50  Roach x6  
  141  11:55  Roach x3  
  141  11:58  Roach x2  
  141  12:00  Overseer  
  149  12:04  Zerg Ground Armor Level 1  
  149  12:08  Roach x2  
  149  12:11  Drone  
  150  12:16  Roach x4  
  150  12:19  Roach x2  
  150  12:22  Ravager x3  
  163  12:25  Roach  
  163  12:26  Roach  
  163  12:27  Roach  
  171  12:30  Overseer  
  171  12:33  Roach x4  
  171  12:36  Roach x2  
  183  12:37  Overseer  
  183  12:38  Roach  
  183  12:39  Roach  
  183  12:40  Overseer  
  183  12:41  Ravager  
  188  12:45  Roach x2  
  192  12:52  Overseer  
  192  12:54  Roach  
  192  12:55  Roach x3  
  200  13:01  Spore Crawler  
  200  13:02  Spine Crawler  
  198  13:09  Pneumatized Carapace, Infestation Pit  
  197  13:14  Drone  
  197  13:15  Hydralisk Den  
  197  13:18  Spore Crawler  
  200  13:27  Roach x2  
  200  13:29  Overseer  
  200  13:35  Extractor  
  199  13:47  Drone  
  199  13:48  Drone x2, Hive  
  200  13:50  Muscular Augments  
  200  13:51  Drone x2  
  200  13:53  Hatchery, Lurker Den  
  197  14:03  Zerg Ground Armor Level 2  
  197  14:10  Drone x2  
  197  14:11  Drone  
  197  14:13  Ravager  
  197  14:16  Drone  
  190  14:33  Drone x3  
  190  14:38  Hydralisk x5  
  200  15:01  Evolution Chamber  
  200  15:03  Hatchery  
  200  15:05  Hydralisk x4  
  200  15:06  Hydralisk  
  200  15:07  Grooved Spines  
  198  15:09  Lurker x2  
  198  15:12  Adaptive Talons  
  200  15:17  Evolution Chamber  
  200  15:20  Hydralisk  
  199  15:21  Lurker  
  199  15:24  Tunneling Claws  
  199  15:25  Burrow  
  199  15:27  Zerg Missile Weapons Level 3  
  190  16:18  Roach x6  
  200  16:19  Overseer  
  176  16:33  Roach x2  
  176  16:34  Hydralisk x12  
  193  16:40  Overseer  
  182  16:51  Seismic Spines  
  175  16:54  Drone x9  
  175  16:55  Overlord  
  175  16:56  Roach x10  
  175  16:58  Lurker x2, Overlord  
  194  17:03  Roach x8  
  192  17:11  Lurker  
  192  17:12  Lurker x5  
  196  17:16  Spore Crawler  
  196  17:18  Spine Crawler  
  194  17:25  Roach x5  
  194  17:30  Spore Crawler  
  194  17:32  Spine Crawler  
  194  17:33  Spine Crawler  
  186  17:49  Roach x7  
  192  17:58  Lurker x4  
  193  18:04  Hydralisk x5  
  195  18:06  Roach x3  
  195  18:12  Roach x9  
  200  18:15  Roach  
  200  18:16  Overseer  
  194  18:23  Roach x4  
  197  18:32  Hydralisk, Roach x4  
  181  18:35  Roach x2  
  181  18:40  Roach x3  
  177  18:44  Hydralisk x5, Roach x5  
  151  18:53  Hydralisk x3  
  149  19:00  Hydralisk x2  
  153  19:04  Lurker x2  
  155  19:10  Lurker  
  155  19:11  Lurker  
  157  19:18  Extractor x2, Roach x3  
  157  19:19  Roach x13  
  157  19:20  Roach x3  
  161  19:24  Hatchery  
  161  19:25  Hydralisk x2  
  164  19:34  Drone x2  
  166  19:39  Viper  
  166  19:41  Hydralisk  
  166  19:42  Hydralisk  
  173  19:48  Roach x3  
  173  19:49  Roach x18  
  173  19:58  Hydralisk x6  
  185  20:02  Roach x3  
  185  20:03  Roach x2  
  185  20:06  Roach  
  185  20:12  Hydralisk x4  
  185  20:14  Roach x5  
  171  20:16  Roach x4  
  171  20:18  Roach x5  
  175  20:22  Roach  
  175  20:24  Roach x4  
  167  20:29  Roach  
  167  20:32  Roach x2  
  171  20:39  Overseer x3, Roach x2  
  171  20:40  Roach x2  
  171  20:42  Roach x2  
  175  20:45  Roach x3  
  175  20:46  Roach x2  
  161  20:51  Roach x3  
  161  20:53  Roach  
  163  20:59  Roach  
  163  21:02  Roach x4  
  166  21:08  Viper  
  162  21:15  Lurker  
  163  21:27  Drone x2  
  163  21:28  Drone  
  163  21:32  Roach x7  
  174  21:40  Roach x4  
  174  21:53  Lurker x2  
  176  21:55  Drone, Extractor  
  176  21:56  Drone x2  
  176  22:00  Spore Crawler  
  171  22:03  Overseer  
  171  22:04  Spore Crawler  
  170  22:11  Spore Crawler  
  170  22:14  Nydus Network  
  168  22:23  Roach x8  
  175  22:39  Roach x4  
  175  22:42  Overlord x2  
  183  22:44  Overlord  
  171  23:02  Overseer x3  
  171  23:03  Hatchery  
  170  23:12  Overseer x2  
  154  23:27  Hatchery  
  154  23:32  Overseer  
  153  23:36  Lurker  
  153  23:40  Drone x3  
  151  23:52  Nydus Canal  
  151  23:57  Extractor  
  151  24:02  Zergling x18  
  159  24:03  Zergling x2  
  159  24:06  Extractor  
  159  24:13  Overseer  
  159  24:22  Drone x5  
  164  24:28  Overseer  
  155  24:40  Zergling x10, Roach  
  155  24:41  Zergling x2  
  133  24:58  Zergling x14  
  135  25:03  Roach  
  122  25:11  Roach x2  
  115  25:16  Roach  
  115  25:17  Zergling x6, Roach  
  110  25:27  Roach  
Show
View Real Time Build Order
Export as new Build Order

Serral Zerg - Winner!

Build Orders: Hatch First 

Get SALT Encoding   

  12  0:00  Drone  
  13  0:08  Drone  
  14  0:14  Extractor  
  14  0:15  Drone  
  15  0:22  Overlord  
  15  0:40  Drone  
  16  0:45  Hatchery  
  16  0:48  Drone  
  16  0:52  Drone  
  16  0:55  Drone  
  18  1:06  Extractor  
  18  1:10  Spawning Pool  
  16  1:14  Drone  
  16  1:17  Drone  
  18  1:26  Drone  
  19  1:37  Drone  
  20  1:48  Drone  
  21  1:57  Queen x2  
  21  1:58  Zergling x2, Overlord  
  26  2:06  Metabolic Boost  
  26  2:08  Drone  
  27  2:12  Drone  
  28  2:18  Drone  
  28  2:20  Drone  
  30  2:30  Drone x2  
  30  2:36  Hatchery  
  31  2:41  Zergling x2  
  31  2:42  Overlord  
  32  2:50  Drone  
  33  2:52  Drone  
  33  2:54  Queen  
  36  3:02  Zergling x2  
  36  3:03  Zergling x2  
  38  3:06  Zergling x6  
  38  3:10  Zergling x4  
  38  3:12  Zergling x2  
  44  3:16  Overlord  
  44  3:21  Baneling Nest  
  44  3:24  Drone  
  44  3:37  Zergling x2  
  44  3:38  Drone x7  
  52  3:48  Drone x2, Roach Warren  
  52  3:50  Drone  
  52  3:54  Drone  
  52  3:55  Drone  
  55  3:58  Zergling x2  
  53  4:05  Overlord, Baneling x2  
  53  4:07  Drone x2  
  53  4:08  Extractor x2  
  53  4:09  Drone  
  54  4:13  Zergling x4  
  54  4:16  Overlord  
  55  4:19  Drone x2  
  57  4:25  Overlord, Evolution Chamber  
  57  4:27  Baneling x2  
  52  4:33  Zergling x4  
  52  4:37  Drone x2  
  54  4:38  Drone x2  
  54  4:39  Baneling  
  54  4:42  Drone  
  53  4:48  Drone x2  
  54  4:54  Roach x2  
  54  4:55  Drone  
  54  4:58  Drone  
  60  5:01  Drone x2  
  60  5:03  Zerg Missile Weapons Level 1  
  62  5:12  Roach x4  
  69  5:15  Roach  
  69  5:19  Roach x2  
  75  5:23  Roach  
  77  5:29  Roach x2  
  80  5:39  Roach  
  80  5:44  Zergling x2  
  80  5:47  Zergling x2  
  80  5:48  Zergling x2  
  81  5:51  Overlord  
  77  5:58  Overlord, Lair  
  77  5:59  Drone x4  
  77  6:00  Overlord  
  77  6:02  Overlord  
  81  6:06  Overlord  
  81  6:09  Overlord  
  81  6:10  Drone x3  
  84  6:17  Overlord  
  84  6:18  Drone  
  84  6:19  Drone  
  84  6:23  Roach x2  
  89  6:33  Extractor  
  89  6:34  Drone, Roach  
  89  6:35  Drone  
  89  6:37  Overlord  
  89  6:39  Roach x3  
  96  6:42  Roach  
  96  6:45  Roach x2  
  101  6:47  Ravager x2  
  101  6:49  Spine Crawler, Ravager x2  
  101  6:54  Roach x4  
  111  6:58  Zerg Ground Armor Level 1  
  110  7:02  Roach x2  
  111  7:11  Roach x4  
  116  7:15  Drone  
  116  7:16  Drone x3  
  116  7:18  Drone  
  116  7:20  Drone x4  
  116  7:21  Overseer  
  122  7:23  Drone  
  123  7:32  Glial Reconstitution  
  123  7:34  Drone x2  
  123  7:36  Drone x2  
  127  7:37  Drone x2  
  129  7:44  Overlord  
  129  7:46  Extractor, Roach  
  129  7:51  Drone x5, Hydralisk Den  
  132  7:54  Extractor  
  132  7:56  Overlord  
  133  8:01  Overlord  
  133  8:02  Overlord  
  135  8:05  Roach  
  135  8:06  Roach x2  
  135  8:11  Overlord x2  
  139  8:21  Hydralisk x5, Grooved Spines  
  139  8:25  Hydralisk  
  139  8:26  Hydralisk  
  153  8:28  Spore Crawler  
  153  8:32  Roach x3  
  158  8:35  Roach x2  
  158  8:39  Roach x2  
  166  8:45  Roach x3  
  166  8:48  Drone  
  172  8:52  Overlord x2  
  172  8:53  Zerg Missile Weapons Level 2  
  172  8:56  Spore Crawler  
  172  8:58  Overlord  
  171  9:04  Roach x3  
  177  9:11  Hatchery  
  177  9:13  Burrow  
  176  9:17  Roach  
  176  9:18  Roach  
  176  9:22  Roach x3  
  186  9:25  Drone  
  186  9:28  Roach  
  186  9:29  Roach x2  
  193  9:35  Tunneling Claws  
  193  9:39  Ravager  
  193  9:41  Roach  
  193  9:42  Roach x2  
  200  9:52  Overlord x2  
  198  9:55  Overlord  
  198  9:58  Overlord  
  198  10:04  Overlord  
  198  10:06  Overseer  
  198  10:11  Roach  
  198  10:24  Roach x10  
  198  10:27  Roach x7  
  183  10:30  Roach  
  183  10:33  Roach x2  
  144  10:37  Roach x2  
  144  10:40  Roach  
  144  10:42  Roach  
  144  10:43  Roach  
  144  10:46  Roach x3  
  144  10:49  Roach  
  148  10:53  Roach x2  
  148  10:56  Roach x3  
  138  10:57  Roach  
  138  11:00  Roach  
  138  11:03  Roach x2  
  142  11:05  Roach  
  142  11:08  Roach  
  142  11:09  Roach  
  142  11:11  Roach  
  144  11:16  Roach x3  
  144  11:17  Roach  
  136  11:19  Roach x3  
  136  11:20  Roach  
  136  11:21  Roach  
  136  11:23  Roach x4  
  136  11:24  Roach  
  136  11:25  Roach  
  130  11:29  Roach x2  
  130  11:32  Roach x2  
  130  11:34  Roach  
  130  11:37  Roach x2  
  128  11:44  Hydralisk x3  
  126  11:49  Roach x2  
  130  11:54  Muscular Augments  
  130  11:58  Hydralisk x3  
  136  12:06  Hydralisk x3  
  142  12:13  Roach x3  
  142  12:15  Ravager x2, Roach x20  
  149  12:17  Ravager  
  149  12:18  Roach x7  
  149  12:22  Pneumatized Carapace  
  151  12:28  Drone  
  151  12:29  Drone  
  155  12:30  Roach x4  
  155  12:35  Roach x2  
  165  12:40  Zerg Ground Armor Level 2  
  165  12:42  Roach  
  165  12:43  Roach  
  169  12:46  Roach x2  
  173  12:55  Roach x5  
  183  12:59  Infestation Pit  
  183  13:02  Ravager, Roach x4  
  183  13:03  Roach x3  
  189  13:08  Roach x3  
  195  13:17  Roach  
  195  13:18  Roach  
  199  13:22  Roach x4  
  199  13:24  Roach x3  
  195  13:28  Queen  
  195  13:30  Roach  
  199  13:44  Roach x2  
  199  13:48  Roach x2  
  199  13:56  Hive  
  199  13:59  Overseer  
  199  14:00  Overlord  
  199  14:07  Roach x9  
  197  14:12  Lurker Den  
  197  14:16  Roach x4  
  192  14:24  Roach x5  
  194  14:32  Roach  
  194  14:35  Extractor  
  194  14:36  Drone x6  
  194  14:37  Extractor  
  192  14:41  Roach x5  
  192  14:42  Hatchery  
  199  14:48  Ravager  
  197  15:00  Roach x2  
  197  15:11  Seismic Spines  
  197  15:12  Hydralisk  
  199  15:17  Spine Crawler, Roach x20  
  199  15:20  Queen  
  199  15:21  Spine Crawler  
  199  15:32  Zerg Missile Weapons Level 3  
  199  15:34  Lurker  
  200  15:36  Lurker x2  
  200  15:46  Roach x27  
  200  15:58  Overlord  
  198  16:08  Adaptive Talons  
  195  16:12  Roach x2  
  195  16:13  Roach x8  
  199  16:18  Roach x2  
  185  16:26  Roach x7  
  185  16:31  Roach x9  
  196  16:35  Roach x5  
  200  16:45  Unknown  
  198  16:51  Hydralisk  
  200  17:00  Overseer x2  
  200  17:01  Overseer, Spine Crawler  
  196  17:03  Hydralisk x2  
  200  17:10  Drone  
  200  17:18  Roach x4  
  200  17:27  Overlord  
  200  17:29  Roach x4  
  200  17:39  Hydralisk, Extractor x2  
  200  17:40  Hydralisk x7  
  200  17:42  Hydralisk x2  
  200  17:47  Hydralisk  
  184  17:54  Hydralisk x10  
  194  17:59  Lurker x3  
  194  18:04  Hydralisk x4  
  195  18:06  Hydralisk x2  
  195  18:09  Zerg Ground Armor Level 3, Roach  
  195  18:10  Roach x5  
  195  18:11  Hydralisk x3  
  195  18:12  Roach x2  
  187  18:14  Hydralisk, Roach  
  171  18:21  Lurker x2  
  171  18:22  Roach x4  
  171  18:24  Roach x2  
  171  18:25  Roach x2  
  179  18:30  Roach x2  
  153  18:35  Roach x2  
  153  18:36  Overseer  
  153  18:37  Roach  
  144  18:42  Hydralisk x2  
  144  18:45  Hydralisk  
  125  18:49  Roach  
  125  18:54  Lurker x3  
  128  19:00  Lurker x4  
  132  19:05  Roach x11  
  132  19:07  Lurker x3  
  132  19:09  Hatchery  
  134  19:10  Hydralisk  
  134  19:16  Hydralisk x2  
  140  19:22  Hydralisk  
  140  19:23  Hydralisk  
  144  19:31  Hydralisk x2  
  144  19:34  Overseer  
  148  19:39  Roach x3  
  148  19:44  Drone x2  
  148  19:45  Drone x7, Roach x5  
  157  19:50  Roach  
  157  19:52  Overseer  
  157  19:54  Overseer  
  159  20:00  Roach x2  
  159  20:06  Roach  
  159  20:07  Roach x2  
  164  20:11  Overseer x2  
  156  20:15  Overseer x3, Roach  
  156  20:16  Roach x2  
  156  20:19  Drone x7  
  151  20:24  Roach x2  
  152  20:36  Drone, Viper  
  152  20:40  Drone x2  
  155  20:44  Drone  
  156  20:52  Hydralisk  
  156  20:53  Hydralisk  
  160  21:01  Hydralisk x2  
  160  21:10  Hydralisk  
  162  21:14  Lurker  
  163  21:21  Hydralisk x3  
  167  21:26  Hydralisk  
  167  21:30  Drone x2  
  167  21:32  Extractor  
  169  21:34  Drone x2  
  169  21:35  Drone  
  172  21:42  Hydralisk x2  
  173  21:52  Lurker x2  
  175  21:56  Roach x3  
  181  22:02  Roach  
  181  22:03  Roach  
  185  22:09  Lurker  
  185  22:12  Roach x3  
  192  22:26  Roach x3  
  194  22:35  Overseer x3  
  194  22:36  Hydralisk x4  
  184  22:43  Roach x3  
  194  22:55  Roach x4  
  188  23:03  Overlord x2  
  188  23:12  Viper  
  185  23:18  Hydralisk x2  
  187  23:26  Viper, Spore Crawler  
  189  23:27  Overlord  
  189  23:31  Overseer  
  189  23:37  Hydralisk x2  
  171  23:48  Hydralisk x3  
  177  23:57  Roach x3  
  183  24:14  Viper  
  184  24:17  Hydralisk x3  
  190  24:33  Roach x5  
  200  24:49  Hatchery  
  200  24:52  Roach x5  
  193  25:06  Roach  
  193  25:07  Roach x4  
  172  25:16  Roach x3  
  172  25:18  Roach  
  176  25:27  Hydralisk  
  178  25:29  Hydralisk  
Tags
 
Add a new tag
Caveats
  • Supply blocks, unpowered buildings, or Contaminate may cause inaccurate times.
  • Supply counts are checked every 10 seconds.